 Dungeon Crawl Stone Soup version 0.23-a0-143-g1adec7b (webtiles) character file.

9 Amnesiac the Chiller (level 2, -4/19 HPs)
             Began as a Mummy Ice Elementalist on Sept 5, 2018.
             Killed from afar by a worker ant (20 damage)
             ... with an exploding inner flame
             ... hexed by the player character
             ... on level 4 of the Dungeon.
             The game lasted 00:01:00 (618 turns).

Amnesiac the Chiller (Mummy Ice Elementalist)        Turns: 618, Time: 00:01:01

Health: -4/19      AC:  2    Str: 11    XL:     2   Next: 6%
Magic:  0/5        EV: 12    Int: 14    God:
Gold:   33         SH:  0    Dex: 12    Spells: 5/6 levels left

rFire    . . .     SeeInvis .   d - +0 dagger
rCold    + . .     Gourm    .   (no shield)
rNeg     + + +     Faith    .   a - +0 robe
rPois    ∞         Spirit   .   (no helmet)
rElec    .         Reflect  .   (no cloak)
rCorr    .         Harm     .   (no gloves)
MR       .....                  (no boots)
Stlth    ++........             (no amulet)
HPRegen  0.06/turn              c - ring of protection from fire
MPRegen  0.09/turn              (no ring)

@: no status effects
A: no food or potions, fire vulnerability, cold resistance 1, negative energy
resistance 3, torment resistance, unbreathing
a: no special abilities


You were on level 4 of the Dungeon.
You were not hungry.

You visited 1 branch of the dungeon, and saw 3 of its levels.

You collected 33 gold pieces.

Inventory:

Hand Weapons
 d - a +0 dagger (weapon)
 g - a +0 dagger of pain
Armour
 a - a +0 robe (worn)
Jewellery
 c - a ring of protection from fire (left hand)
Scrolls
 b - a scroll of enchant weapon {!r, unknown}
 e - a scroll of identify {!r, unknown}


   Skills:
 - Level 1.5 Dodging
 - Level 1.5 Stealth
 + Level 2.8 Spellcasting
   Level 0.7 Conjurations
 * Level 2.9 Ice Magic


You had 5 spell levels left.
You knew the following spells:

 Your Spells              Type           Power        Failure   Level  Hunger
a - Freeze                Ice            ##..         7%          1    N/A

Your spell library contained the following spells:

 Spells                   Type           Power        Failure   Level  Hunger
 Throw Frost              Conj/Ice       #.....       16%         2    N/A
 Ozocubu's Armour         Chrm/Ice       #.......     34%         3    N/A
 Throw Icicle             Conj/Ice       #.......     71%         4    N/A
 Summon Ice Beast         Ice/Summ       #.......     75%         4    N/A

Dungeon Overview and Level Annotations

Branches:
Dungeon (2/15)

Altars:
Fedhas
Qazlal

Annotations:
D:1 exclusion: downstairs
D:2 Sigmund


Innate Abilities, Weirdness & Mutations

You do not eat or drink.
Your flesh is vulnerable to fire.
You are immune to poison.
Your flesh is cold resistant. (rC+)
You are immune to negative energy. (rN+++)
You are immune to unholy pain and torment.
You can survive without breathing.


Message History

Press: ? - help, Shift-Dir - straight line, f/p - goblin
Aim: a goblin, wielding a dagger of pain (heavily wounded)
You freeze the goblin.
You kill the goblin!
Casting: Freeze (safe; 7% risk of failure)
Confirm with . or Enter, or press ? or * to list all spells.
You don't have enough magic to cast that spell.
You see here a dagger of pain.
g - a dagger of pain
Found an escape hatch in the floor.
Something hits the plant but does no damage.
There is a shaft here.
A rat comes into view.
Your magical contamination has completely faded away. 2 goblins and a hobgoblin come into view.
The goblin shouts! x2; You hear a shout!
The rat closely misses you.
A hobgoblin comes into view.
You hear a shout!
You hear an angry hiss.
You hear a shout! x3; You hear an angry hiss.
You hear a shout! x2
There is a shaft here.
You fall through a shaft for 2 floors!
The shaft crumbles and collapses.
A worm, a worker ant and a skeleton come into view.
The worker ant twitches its antennae in your direction.
Found a scroll labeled ROEZ IMPOLYE and a scroll labeled MILAZX SANE.
Unknown command.
Unknown command.
Found 6 gold pieces.
Really read
f - a scroll labeled VIEMUCY LYWN {!r}?
As you read the scroll labeled VIEMUCY LYWN {!r}, it crumbles to dust.
The creatures around you are filled with an inner flame!
It was a scroll of immolation {!r}.
The worker ant bites you.
You hit the worker ant.
The worker ant is lightly wounded.
The worker ant barely misses you. The worker ant closely misses you.
Casting: Freeze (safe; 7% risk of failure)
Confirm with . or Enter, or press ? or * to list all spells.
Aiming: Freeze (safe; 7% risk of failure)
Press: ? - help, Shift-Dir - straight line, f - worker ant
Aim: a worker ant (inner flame)
You freeze the worker ant.
The worker ant is moderately wounded.
The worker ant closely misses you.
Unknown command.
Casting: Freeze (safe; 7% risk of failure)
Confirm with . or Enter, or press ? or * to list all spells.
Aiming: Freeze (safe; 7% risk of failure)
Press: ? - help, Shift-Dir - straight line, f/p - worker ant
Aim: a worker ant (moderately wounded, inner flame)
You freeze the worker ant.
The worker ant is severely wounded.
The worker ant barely misses you.
Unknown command.
Casting: Freeze (safe; 7% risk of failure)
Confirm with . or Enter, or press ? or * to list all spells.
Aiming: Freeze (safe; 7% risk of failure)
Press: ? - help, Shift-Dir - straight line, f/p - worker ant
Aim: a worker ant (severely wounded, inner flame)
You freeze the worker ant.
The worker ant explodes!
The fiery explosion engulfs you!
Ouch! That really hurt!
You die...

#?......#
#....w..#
#.......#
#.......#
#.Z.....#
######.......####
+......§.........
######§#########
$......§@.......
#####+#+########


You could see a bullfrog skeleton (inner flame).

Vanquished Creatures
  A quokka (D:2)
  3 bats (D:1)
  3 goblins
  3 rats (D:1)
10 creatures vanquished.

Notes
Turn   | Place    | Note
-------+----------+-------------------------------------------
     0 | D:1      | Amnesiac the Mummy Ice Elementalist began the quest for the
                  | Orb.
     0 | D:1      | Reached XP level 1. HP: 13/13 MP: 4/4
   285 | D:2      | Noticed Sigmund
   569 | D:2      | Reached XP level 2. HP: 17/19 MP: 2/5
   572 | D:2      | Found a stormy altar of Qazlal.
   573 | D:2      | Found a blossoming altar of Fedhas.
   610 | D:2      | You fall through a shaft for 2 floors!
   618 | D:4      | Killed from afar by a worker ant

Vault maps used:
D:1:      nicolae_arrival_washed_ashore, serial_glass, glass_columns_c,
          glass_columns_c, serial_bayou_lagoon_a
D:2:      grunt_temple_overflow_forces_of_nature, minivault_27, eino_curves_02,
          serial_bayou_pond_a, kennysheep_generic_room_7, uniq_robin,
          uniq_sigmund
D:4:      serial_shops, shop, first_ration, kennysheep_generic_room_11

Action                   || total
-------------------------++-------
Melee: Dagger            ||     4
       Unarmed           ||     2
 Cast: Freeze            ||    19
  Use: Scroll            ||     1
Armor: Robe              ||     6
Dodge: Dodged            ||    16

Table legend:
 A = Non-vault XP
 B = Vault XP
 C = Vault XP percentage of total XP
 D = Non-vault monster count
 E = Vault monster count
 F = Vault count percentage of total count
                 A         B        C        D         E       F
            +---------+---------+-------+---------+---------+-------
      Total |      14 |       0 |   0.0 |      10 |       0 |   0.0
            +---------+---------+-------+---------+---------+-------
        D:1 |      10 |       0 |   0.0 |       8 |       0 |   0.0
        D:2 |       4 |       0 |   0.0 |       2 |       0 |   0.0
            +---------+---------+-------+---------+---------+-------
